 Dungeon Crawl Stone Soup version 0.31-a0-1616-gbeaec30b81 (webtiles) character file.

Game seed: 13421250161592164315

2370 MisterAzrael the Fighter (level 9, -3/71 HPs)
             Began as a Djinni Fire Elementalist on Jan 10, 2024.
             Slain by an orc warrior
             ... wielding a +0 trident
              (15 damage)
             ... on level 7 of the Dungeon on Jan 11, 2024.
             The game lasted 00:13:24 (7592 turns).

MisterAzrael the Fighter (Djinni Fire Elementalist) Turns: 7592, Time: 00:13:24

Health: -3/71      AC:  3    Str:  9    XL:     9   Next: 72%
Gold:   368        EV: 12    Int: 25    God:
                   SH:  0    Dex: 14

rFire   + + +        C - +3 quarterstaff (chaos)
rCold   x . .        (shield currently unavailable)
rNeg    . . .        a - +0 robe
rPois   ∞            (no helmet)
rElec   .            D - +0 cloak {rPois}
rCorr   .            (no gloves)
SInv    .            (boots unavailable)
Will    .....        (no amulet)
Stlth   ++           h - +6 ring of intelligence
HPRegen 0.31/turn    s - ring of protection from fire
MPRegen 0.00/turn

%: infuse magic (-4 HP)
@: flying, studying Stealth
A: sickness immunity, fire resistance 2, cold vulnerability 1, float, innate
caster, HP casting, extra vitality 1
a: no special abilities


You were on level 7 of the Dungeon.
You visited 2 branches of the dungeon, and saw 8 of its levels.

You collected 368 gold pieces.

Inventory:

Hand Weapons
 e - a +4 dagger
 C - a +3 quarterstaff of chaos (weapon)
Missiles
 F - 2 throwing nets
Armour
 a - a +0 robe (worn)
 D - a +0 cloak of poison resistance (worn)
Jewellery
 b - a ring of willpower
 h - a +6 ring of intelligence (left hand)
 r - a ring of see invisible
 s - a ring of protection from fire (right hand)
 v - a ring of wizardry
Wands
 y - a wand of paralysis (9)
 B - a wand of polymorph (12)
Scrolls
 g - 3 scrolls of fog
 l - a scroll of enchant armour {unknown}
 m - 5 scrolls of teleportation
 n - a scroll of brand weapon {unknown}
 o - 7 scrolls of identify
 p - a scroll of torment {unknown}
 t - 2 scrolls of blinking {unknown}
 w - a scroll of enchant weapon {unknown}
 z - a scroll of silence {unknown}
Potions
 c - 2 potions of brilliance {unknown}
 d - 8 potions of curing {unknown}
 f - a potion of attraction {unknown}
 i - 2 potions of lignification {unknown}
 j - a potion of degeneration {unknown}
 k - 2 potions of enlightenment {unknown}
 q - 2 potions of haste {unknown}
 u - 2 potions of heal wounds {unknown}
 x - a potion of mutation {unknown}
 A - a potion of magic {unknown}
 E - a potion of resistance {unknown}


   Skills:
 + Level 8.4 Fighting
 * Level 3.2 Staves
 - Level 2.1 Dodging
 - Level 1.5 Stealth
 + Level 7.1 Spellcasting
 + Level 7.1 Conjurations
 + Level 7.1 Hexes
 + Level 7.1 Summonings
 + Level 7.1 Necromancy
 + Level 7.1 Translocations
 + Level 7.1 Fire Magic
 + Level 7.1 Ice Magic
 + Level 7.1 Air Magic
 + Level 7.1 Earth Magic
 + Level 7.1 Alchemy


You knew the following spells:

 Your Spells              Type           Power      Damage    Failure   Level
a - Foxfire               Conj/Fire      100%       2x1d9     1%          1
b - Scorch                Fire           88%        2d8       1%          2
c - Volatile Blastmotes   Fire/Tloc      88%        2d17      1%          3
d - Inner Flame           Hex/Fire       44%        N/A       1%          3
e - Flame Wave            Conj/Fire      44%        2d11      3%          4
f - Apportation           Tloc           88%        N/A       1%          1
g - Call Imp              Summ           88%        N/A       1%          2
h - Mephitic Cloud        Conj/Alch/Air  44%        N/A       1%          3
i - Sigil of Binding      Hex            44%        N/A       1%          3
Your spell library was empty.

Dungeon Overview and Level Annotations

Branches:
Dungeon (7/15)             Temple (1/1) D:7

Altars:
Ashenzari
Dithmenos
Elyvilon
Gozag
Hepliaklqana
Okawaru
Qazlal
Trog
Wu Jian
Xom
Zin
The Shining One


Innate Abilities, Weirdness & Mutations

You are immune to sickness and miasma.
You are immune to poison.
Your flesh is very heat resistant. (rF++)
You are vulnerable to cold. (rC-)
You float through the air rather than walking.
You learn spells naturally, not from books.
Your magical power is your life essence.
You have superior vitality. (+4 MHP)


Message History

Your cerulean imp hits the orc warrior with a +0 spear.
The orc warrior hits your cerulean imp with a +0 trident.
Your cerulean imp dies!
Your cerulean imp disappears in a puff of smoke!
Casting: Call Imp (safe; 1% risk of failure)
Confirm with . or Enter, or press ? or * to list all spells.
A tiny devil pulls itself out of the air.
The orc warrior attacks as it pursues you!
The orc warrior hits you from afar with a +0 trident!
You swap places.
The orc warrior attacks as it pursues you!
The orc warrior hits you from afar with a +0 trident!
* * * LOW HITPOINT WARNING * * *
Your cerulean imp hits the orc warrior but does no damage.
An orc comes into view. It is wielding a +0 whip.
The orc warrior closely misses you.
Your cerulean imp misses the orc warrior.
Something hits your cerulean imp.
Your cerulean imp barely misses the orc warrior.
Casting: Call Imp (safe; 1% risk of failure)
Confirm with . or Enter, or press ? or * to list all spells.
Aiming: Inner Flame (safe; 1% risk of failure)
Press: ? - help, Dir - move target, f - cerulean imp
Aim: a cerulean imp, wielding a +0 spear (heavily wounded, summoned, friendly, chance to affect: 81%)
Your cerulean imp is filled with an inner flame.
* * * LOW HITPOINT WARNING * * *
Your cerulean imp hits the orc warrior but does no damage.
The orc warrior hits your cerulean imp with a +0 trident!
Your cerulean imp disappears in a puff of smoke!
Your cerulean imp explodes!
The fiery explosion engulfs the orc warrior!
The orc warrior is severely wounded.
The orc warrior is engulfed in blazing flames.
Casting: Inner Flame (safe; 1% risk of failure)
Confirm with . or Enter, or press ? or * to list all spells.
A tiny devil pulls itself out of the air.
Your cerulean imp says, "I'm here!"
* * * LOW HITPOINT WARNING * * *
The orc warrior hits you from afar with a +0 trident!
You die...

#.#....≈.≈≈≈§
#.#..#.≈...≈§
#.##...≈≈≈.≈.
#.##.....≈§≈.
#.##..._§....
######o##....§≈.§)
#5o.........≈§≈.≈.
#.#######...§...≈.
#@# #...≈.≈≈≈. #.#
###....... #.#
###.###. #.#
#...). #.######
#...## #......##
##.#.##
#####...####.....#
#..........#.#.#
#.#...#.........


You could see an orc warrior (ally target) and a friendly cerulean imp
(summoned).

Vanquished Creatures
  3 water moccasins
  A sky beast (D:7)
  An orc warrior (D:6)
  5 ice beasts
  A phantom (D:4)
  A kobold brigand (D:7)
  A scorpion (D:5)
  5 wights (D:6)
  2 howler monkeys (D:7)
  3 bombardier beetles
  3 jellies
  2 hounds
  Crazy Yiuf (D:6)
  An orc priest (D:4)
  4 iguanas
  A gnoll bouda (D:7)
  A sleepcap (D:6)
  Natasha (twice) (D:2)
  2 orc wizards
  6 adders
  8 gnolls
  A shadow imp (D:6)
  2 white imps
  5 dart slugs
  2 ribbon worms (D:3)
  27 orcs
  4 ball pythons
  2 bats (D:1)
  6 endoplasms
  A giant cockroach (D:3)
  7 goblins
  3 hobgoblins
  3 jackals (D:1)
  12 kobolds
  4 quokkas
  3 frilled lizards
  4 rats
140 creatures vanquished.

Vanquished Creatures (collateral kills)
  3 orcs (D:7)
  A kobold (D:7)
  2 foxfires
6 creatures vanquished.

Vanquished Creatures (others)
  An orc wizard (D:3)
  487 foxfires
488 creatures vanquished.

Grand Total: 634 creatures vanquished

Notes
Turn   | Place    | Note
-------+----------+-------------------------------------------
     0 | D:1      | MisterAzrael the Djinni Fire Elementalist began the quest
                  | for the Orb.
     0 | D:1      | MisterAzrael set off with the following spells memorised:
                  | Foxfire, Scorch, Volatile Blastmotes, Inner Flame, Flame
                  | Wave.
     0 | D:1      | Reached XP level 1. HP: 15/15 MP: 0/0
   190 | D:1      | Reached XP level 2. HP: 14/22 MP: 0/0
   255 | D:1      | Reached skill level 1 in Fighting
   461 | D:1      | Reached XP level 3. HP: 26/28 MP: 0/0
   461 | D:1      | Learned a level 1 spell: Apportation
   630 | D:1      | Reached skill level 2 in Fighting
   754 | D:1      | Reached XP level 4. HP: 30/33 MP: 0/0
  1078 | D:2      | Noticed Natasha
  1085 | D:2      | Killed Natasha
  1265 | D:2      | Noticed Natasha
  1268 | D:2      | Killed Natasha
  1269 | D:2      | Reached XP level 5. HP: 38/40 MP: 0/0
  1269 | D:2      | Learned a level 2 spell: Call Imp
  1297 | D:2      | Reached skill level 3 in Fighting
  1611 | D:3      | Identified a scroll of acquirement
  1611 | D:3      | Acquired a manual of Stealth
  2174 | D:3      | Found a faded altar of an unknown god.
  2269 | D:3      | Reached XP level 6. HP: 31/46 MP: 0/0
  2393 | D:3      | You are sucked into a shaft and drop 1 floor!
  2630 | D:4      | Reached skill level 4 in Fighting
  2838 | D:4      | Found an ornate altar of the Wu Jian Council.
  3119 | D:4      | Reached XP level 7. HP: 47/53 MP: 0/0
  3119 | D:4      | Learned a level 3 spell: Mephitic Cloud
  3489 | D:4      | Found a shadowy altar of Dithmenos.
  3489 | D:4      | Found a hazy altar of Hepliaklqana.
  3492 | D:4      | Noticed a shadow
  3636 | D:5      | Entered Level 5 of the Dungeon
  3656 | D:5      | Noticed a water moccasin
  3663 | D:5      | Killed a water moccasin
  3664 | D:5      | Reached skill level 5 in Fighting
  3664 | D:5      | Reached skill level 5 in Spellcasting
  3664 | D:5      | Reached skill level 5 in Conjurations
  3664 | D:5      | Reached skill level 5 in Hexes
  3664 | D:5      | Reached skill level 5 in Summonings
  3664 | D:5      | Reached skill level 5 in Necromancy
  3664 | D:5      | Reached skill level 5 in Translocations
  3664 | D:5      | Reached skill level 5 in Fire Magic
  3664 | D:5      | Reached skill level 5 in Ice Magic
  3664 | D:5      | Reached skill level 5 in Air Magic
  3664 | D:5      | Reached skill level 5 in Earth Magic
  3664 | D:5      | Reached skill level 5 in Alchemy
  3941 | D:5      | Reached XP level 8. HP: 16/61 MP: 0/0
  4276 | D:5      | Reached skill level 6 in Fighting
  4958 | D:6      | Reached skill level 7 in Fighting
  5346 | D:6      | Reached XP level 9. HP: 66/68 MP: 0/0
  5346 | D:6      | Learned a level 3 spell: Sigil of Binding
  6310 | D:6      | Found a runed translucent door.
  6311 | D:6      | Noticed Crazy Yiuf
  6319 | D:6      | Killed Crazy Yiuf
  6320 | D:6      | Reached skill level 8 in Fighting
  6544 | D:7      | Found a broken altar of Ashenzari.
  6756 | D:7      | Reached skill level 1 in Staves
  6810 | D:7      | Found a bloodstained altar of Trog.
  6851 | D:7      | Found a shimmering altar of Xom.
  7282 | D:7      | Found a staircase to the Ecumenical Temple.
  7303 | Temple   | Entered the Ecumenical Temple
  7592 | D:7      | Slain by an orc warrior

Illustrated notes

Levels and vault maps discovered:
D:1:      minmay_arrival_wavy_path, layout_loops_ring, glass_columns_a,
          minmay_tripent
D:2:      layout_loops_cross, uniq_natasha
D:3:      corexii_shack_village, layout_loops_corners, fedhas_altar_1,
          ebering_ecumenical_altar_webs
D:4:      layout_loops_corners, riverfiend_overflow_shadow_ancestor,
          mainiacjoe_overflow_small_starburst, nicolae_vehumet_radiance
D:5:      layout_loops_ring, grunt_decor_junction
D:6:      layout_loops_corners, uniq_crazy_yiuf_cottage
D:7:      layout_loops_ring, cheibrodos_ashenzari_chains,
          mainiacjoe_overflow_large_starburst, minmay_temple_entry_sparse_star,
          kennysheep_generic_room_11
Temple:   hellmonk_temple_two_chambers

Skill      XL: |  1  2  3  4  5  6  7  8  9 |
---------------+----------------------------+-----
Fighting       | 1 2 3 4 5 7 8 |  8.4
Spellcasting   | 4 5 6 7 |  7.1
Conjurations   | 4 5 6 7 |  7.1
Hexes          | 4 5 6 7 |  7.1
Summonings     | 4 5 6 7 |  7.1
Necromancy     | 4 5 6 7 |  7.1
Translocations | 4 5 6 7 |  7.1
Fire Magic     | 4 5 6 7 |  7.1
Ice Magic      | 4 5 6 7 |  7.1
Air Magic      | 4 5 6 7 |  7.1
Earth Magic    | 4 5 6 7 |  7.1
Alchemy        | 4 5 6 7 |  7.1
Staves         | 3 |  3.2
Dodging        | |  2.1
Stealth        | |  1.5

Action                     |  1- 3 |  4- 6 |  7- 9 || total
---------------------------+-------+-------+-------++-------
  Melee: Unarmed           |     1 |       |     1 ||     2
         Dagger            |       |     3 |     6 ||     9
         Quarterstaff      |       |       |     6 ||     6
   Cast: Foxfire           |    47 |   127 |   131 ||   305
         Scorch            |     1 |     6 |    28 ||    35
         Inner Flame       |     1 |     1 |    26 ||    28
         Volatile Blastmot |     1 |       |     2 ||     3
         Call Imp          |       |       |     9 ||     9
         Flame Wave        |       |       |     3 ||     3
    Use: Scroll            |     1 |     2 |       ||     3
 Armour: Robe              |    13 |    24 |    55 ||    92
         Skin              |       |       |     1 ||     1
  Dodge: Dodged            |    30 |    10 |    53 ||    93

Table legend: (Time is in decaauts)
 A = Elapsed time spent in this place.
 B = Non-inter-level travel time spent in this place.
 C = Inter-level travel time spent in this place.
 D = Time resting spent in this place.
 E = Time spent auto-exploring this place.
 F = Levels seen in this place.
 G = Mean time per level.
                   A        B        C        D        E       F      G
               +--------+--------+--------+--------+--------+-----+--------+
         Total |   7596 |   7356 |    240 |   1334 |   4807 |   8 |  949.5 |
       Dungeon |   7584 |   7344 |    240 |   1334 |   4807 |   7 | 1083.4 |
        Temple |     11 |     11 |      0 |      0 |      0 |   1 |   11.0 |
               +--------+--------+--------+--------+--------+-----+--------+

Top non-repeatable levels by time:
     D:6: 1649 daAuts
     D:4: 1242 daAuts
     D:5: 1185 daAuts
     D:7: 1109 daAuts
     D:1: 954 daAuts
     D:3: 789 daAuts
     D:2: 653 daAuts
  Temple: 11 daAuts
